 Dungeon Crawl Stone Soup version 0.31-a0-271-gb88eb75e06 (webtiles) character file.

Game seed: 2311464038056085528

384 gruber the Ruffian (level 6, -1/44 HPs)
             Began as a Merfolk Shapeshifter on July 14, 2023.
             Was an Elder of Uskayaw.
             Slain by a phantom (5 damage)
             ... on level 4 of the Dungeon.
             The game lasted 00:02:01 (1978 turns).

gruber the Ruffian (Merfolk Shapeshifter)           Turns: 1978, Time: 00:02:02

Health: -1/44      AC:  2    Str: 17    XL:     6   Next: 77%
Magic:  6/6        EV: 12    Int:  8    God:    Uskayaw [****..]
Gold:   139        SH:  0    Dex: 14    Spells: 5/5 levels left

rFire   . .          .
                       - Unarmed
rCold   . . .        (no shield)
rNeg    . . .        a - +0 animal skin
rPois   .            (helmet currently unavailable)
rElec   .            (cloak currently unavailable)
rCorr   .            (gloves currently unavailable)
SInv    .            (boots currently unavailable)
Will    .....        (no amulet)
Stlth   +            (no ring)
HPRegen 0.27/turn    (no ring)
MPRegen 0.10/turn

%: no passive effects
@: beast-form
A: beast (slay +2), (nimble swimmer 2), mertail
a: Begin Untransformation, Renounce Religion, Stomp, Line Pass


You were on level 4 of the Dungeon.
You worshipped Uskayaw.
Uskayaw was noncommittal.
You were a hulking beast.
You visited 2 branches of the dungeon, and saw 4 of its levels.

You collected 139 gold pieces.

Inventory:

Missiles
 g - 4 poisoned darts (quivered)
Armour
 a - a +0 animal skin (worn)
 p - a +0 leather armour of cold resistance
Jewellery
 n - an amulet of magic regeneration
Talismans
 c - a beast talisman
Scrolls
 d - 3 scrolls of identify {unknown}
 e - a scroll of amnesia {unknown}
 h - a scroll of vulnerability {unknown}
 i - a scroll of brand weapon {unknown}
 j - a scroll of enchant weapon {unknown}
 m - a scroll of fear {unknown}
 o - a scroll of teleportation {unknown}
Potions
 b - 3 potions of lignification
 f - 4 potions of heal wounds {unknown}
 k - a potion of magic {unknown}
 l - a potion of berserk rage {unknown}


   Skills:
 - Level 2.1 Fighting
 - Level 2.6 Dodging
 + Level 7.7 Unarmed Combat
 - Level 4.0 Shapeshifting


You had 5 spell levels left.
You didn't know any spells.
Your spell library contained the following spells:

 Spells                   Type           Power      Damage    Failure   Level
 Summon Small Mammal      Summ           0%         N/A       41%         1
 Poisonous Vapours        Pois/Air       0%         N/A       54%         2
 Call Canine Familiar     Summ           0%         N/A       78%         3
 Mephitic Cloud           Conj/Pois/Air  0%         N/A       78%         3
 Summon Guardian Golem    Hex/Summ       0%         N/A       78%         3
 Freezing Cloud           Conj/Ice/Air   0%         6-21      100%        5


Dungeon Overview and Level Annotations

Branches:
Dungeon (4/15)             Temple (1/1) D:4

Altars:
Cheibriados
Gozag
Makhleb
Nemelex Xobeh
Okawaru
Qazlal
Ru
Sif Muna
Uskayaw
Wu Jian
Zin
The Shining One


Innate Abilities, Weirdness & Mutations

You are a hulking beast.
Your limbs bulge with bestial killing power. (Slay +2)
((You are very nimble when in or above water. (Stealth+, EV+, Speed+++)))
Your lower body shifts to a powerful aquatic tail in water.


Message History

You punch the black bear!
The black bear is moderately wounded.
The black bear bites you but does no damage.
The black bear closely misses you. The black bear claws you.
You completely miss the black bear. You punch the black bear.
The black bear is moderately wounded.
The black bear closely misses you. The black bear claws you.
The black bear claws you but does no damage.
You can now pass through a line of other dancers.
You hit the black bear.
The black bear is heavily wounded.
The black bear bites you but does no damage.
The black bear claws you. x2
* * * LOW HITPOINT WARNING * * *
You punch the black bear!
The black bear is severely wounded.
The black bear goes berserk!
Uskayaw will force your foes to helplessly watch your dance.
Uskayaw prepares the audience for your solo!
The helpless black bear fails to defend itself.
You hit the black bear. You punch the black bear.
You kill the black bear!
The phantom is no longer paralysed.
The adder zombie is no longer paralysed.
You punch the phantom!
The phantom is moderately damaged.
Uskayaw will force your foes to share their pain.
Uskayaw links your audience in an emotional bond!
You punch the phantom! Your punch misses the phantom.
The phantom is almost destroyed.
The phantom hits you!
* * * LOW HITPOINT WARNING * * *
The phantom blinks!
You blink.
You swing at nothing.
The phantom is no longer sharing its pain.
The phantom hits you.
* * * LOW HITPOINT WARNING * * *
The phantom blinks!
You blink.
You swing at nothing.
The phantom hits you.
You die...

.........#.######
................#
................##
.................#
8.8.8.8.........># #
###########.#.........
..#....# ###..........#
.......###§....W......#
........Z§.##...h.....#
....##.#####..........#
. #.# #..##########
.....$..##...
.......... ..
....##...... ....
#..##.<.. ... #### ....
.. ###


You could see a phantom.

Vanquished Creatures
  A black bear (D:4)
  A phantom (D:4)
  A water moccasin zombie (D:4)
  A jelly (D:4)
  An orc wizard (D:4)
  A scorpion zombie (D:4)
  A hound skeleton (D:4)
  An adder skeleton (D:4)
  An adder zombie (D:4)
  A dart slug (D:1)
  2 orcs (D:4)
  3 endoplasms
  12 goblins
  7 hobgoblins
  7 jackals
  7 ball pythons
  5 bats
  A frilled lizard (D:1)
  3 kobolds
  A quokka skeleton (D:4)
  2 rats
60 creatures vanquished.

Notes
Turn   | Place    | Note
-------+----------+-------------------------------------------
     0 | D:1      | gruber the Merfolk Shapeshifter began the quest for the
                  | Orb.
     0 | D:1      | Reached XP level 1. HP: 16/16 MP: 1/1
   146 | D:1      | Reached skill level 3 in Unarmed Combat
   146 | D:1      | Reached XP level 2. HP: 22/22 MP: 2/2
   681 | D:1      | Reached XP level 3. HP: 27/27 MP: 3/3
   937 | D:2      | Identified the +2 mace "Quesh" {pain, rN+ Str+3 Int-3}
  1027 | D:2      | Reached skill level 4 in Unarmed Combat
  1092 | D:2      | Found a glowing silver altar of Zin.
  1290 | D:2      | You fall into a shaft and drop 2 floors!
  1290 | D:4      | Found a staircase to the Ecumenical Temple.
  1300 | Temple   | Entered the Ecumenical Temple
  1379 | Temple   | Became a worshipper of Uskayaw the Reveller
  1402 | D:4      | Noticed a phantom
  1409 | D:4      | Reached * piety under Uskayaw
  1411 | D:4      | Reached ** piety under Uskayaw
  1414 | D:4      | Reached XP level 4. HP: 31/33 MP: 4/4
  1417 | D:4      | Reached *** piety under Uskayaw
  1420 | D:4      | Reached **** piety under Uskayaw
  1422 | D:4      | Killed a phantom
  1423 | D:4      | Reached skill level 5 in Unarmed Combat
  1423 | D:4      | Reached XP level 5. HP: 22/38 MP: 5/5
  1507 | D:4      | Reached skill level 6 in Unarmed Combat
  1668 | D:4      | Found a burning altar of Makhleb.
  1693 | D:4      | Reached XP level 6. HP: 40/44 MP: 6/6
  1933 | D:4      | Reached skill level 7 in Unarmed Combat
  1959 | D:4      | Noticed a black bear
  1974 | D:4      | Killed a black bear
  1978 | D:4      | Slain by a phantom

Illustrated notes

Levels and vault maps discovered:
D:1:      dpeg_arrival_round_a, layout_basic, hangedman_decor_points,
          minmay_stone_trees_small
D:2:      layout_basic, basic_altar
D:4:      kennysheep_the_goblin_king, layout_rooms,
          riverfiend_overflow_shadow_ancestor, marbit_many_paths,
          kennysheep_mini_moat, temple_pool_b, serial_undead, serial_undead_a,
          serial_undead_c, serial_undead_d, serial_undead_b
Temple:   nicolae_temple_bog_church

Skill      XL: |  1  2  3  4  5  6 |
---------------+-------------------+-----
Unarmed Combat | 3 4 5 6 7 |  7.7
Fighting       | |  2.1
Dodging        | |  2.6
Shapeshifting  | |  4.0

Action                     |  1- 3 |  4- 6 || total
---------------------------+-------+-------++-------
  Melee: Unarmed           |    67 |    91 ||   158
         Punch             |     2 |     3 ||     5
   Stab: Sleeping          |     1 |       ||     1
         Paralysed         |       |     4 ||     4
 Armour: Animal skin       |    21 |    13 ||    34
  Dodge: Dodged            |    42 |    54 ||    96

Table legend: (Time is in decaauts)
 A = Elapsed time spent in this place.
 B = Non-inter-level travel time spent in this place.
 C = Inter-level travel time spent in this place.
 D = Time resting spent in this place.
 E = Time spent auto-exploring this place.
 F = Levels seen in this place.
 G = Mean time per level.
                   A        B        C        D        E       F      G
               +--------+--------+--------+--------+--------+-----+--------+
         Total |   1943 |   1887 |     56 |      0 |   1525 |   4 |  485.8 |
       Dungeon |   1863 |   1832 |     31 |      0 |   1476 |   3 |  621.0 |
        Temple |     80 |     55 |     25 |      0 |     49 |   1 |   80.0 |
               +--------+--------+--------+--------+--------+-----+--------+

Top non-repeatable levels by time:
     D:1: 877 daAuts
     D:4: 577 daAuts
     D:2: 408 daAuts
  Temple: 80 daAuts
